 Dungeon Crawl Stone Soup version 0.23-b1-3-gdda8187c6f (webtiles) character file.

Game seed: 4062821217237590344

450 Majang the Insei (level 7, -3/52 HPs)
             Began as a Gnoll Transmuter on Jan 31, 2019.
             Slain by a river rat (7 damage)
             ... summoned by Eustachio
             ... on level 4 of the Dungeon.
             The game lasted 00:18:04 (3443 turns).

Majang the Insei (Gnoll Transmuter)                 Turns: 3443, Time: 00:18:05

Health: -3/52      AC:  8    Str: 16      XL:     7   Next: 4%
Magic:  12/15      EV: 13    Int: 19      God:
Gold:   229        SH:  3    Dex: 11 (15) Spells: 12/16 levels left

rFire    . . .     SeeInvis .     - Unarmed
rCold    . . .     Gourm    .   (no shield)
rNeg     . . .     Faith    .   n - +0 ring mail
rPois    .         Spirit   .   p - +2 helmet {Int+3}
rElec    .         Reflect  +   (no cloak)
rCorr    .         Harm     .   (no gloves)
MR       .....                  (boots currently unavailable)
Stlth    +.........             r - +3 amulet of reflection
HPRegen  0.17/turn              t - +2 ring of strength
MPRegen  0.14/turn              (no ring)

@: confusing touch, appendage
A: distributed training, fangs 1, talons 3, strong nose
a: End Transformation


You were on level 4 of the Dungeon.
You were not hungry.
You had grown temporary talons.
You visited 1 branch of the dungeon, and saw 4 of its levels.

You collected 229 gold pieces.

Inventory:

Missiles
 a - 63 arrows
 s - 2 throwing nets (quivered)
Armour
 b - a +0 robe
 f - a +0 leather armour
 n - a +0 ring mail (worn)
 p - a +2 helmet of intelligence (worn)
Jewellery
 r - a +3 amulet of reflection (around neck)
 t - a +2 ring of strength (left hand)
Wands
 c - a wand of scattershot (6)
Scrolls
 g - 4 scrolls of remove curse
 i - a scroll of teleportation {unknown}
 j - 2 scrolls of blinking
 k - a scroll of fog
 l - a scroll of enchant armour {unknown}
 u - 3 scrolls of identify
Potions
 e - a potion of haste {unknown}
 h - a potion of magic {unknown}
 o - a potion of brilliance {unknown}
 q - a potion of lignification {unknown}
 v - a potion of cancellation {unknown}
Comestibles
 d - 5 rations
 m - 2 chunks of flesh


   Skills:
 + Level 3.4 Fighting
 + Level 2.2 Short Blades
 + Level 2.2 Long Blades
 + Level 2.2 Axes
 + Level 2.2 Maces & Flails
 + Level 2.2 Polearms
 + Level 2.2 Staves
 + Level 2.2 Slings
 + Level 2.2 Bows
 + Level 2.2 Crossbows
 + Level 2.2 Throwing
 + Level 2.2 Armour
 + Level 5.1 Dodging
 + Level 2.2 Stealth
 + Level 2.2 Shields
 + Level 6.9 Unarmed Combat
 + Level 5.4 Spellcasting
 + Level 1.7 Conjurations
 + Level 1.7 Hexes
 + Level 1.7 Charms
 + Level 1.7 Summonings
 + Level 1.7 Necromancy
 + Level 1.7 Translocations
 + Level 4.2 Transmutations
 + Level 1.7 Fire Magic
 + Level 1.7 Ice Magic
 + Level 1.7 Air Magic
 + Level 1.7 Earth Magic
 + Level 1.7 Poison Magic
 + Level 2.4 Invocations
 + Level 2.2 Evocations


You had 12 spell levels left.
You knew the following spells:

 Your Spells              Type           Power        Failure   Level  Hunger
a - Beastly Appendage     Tmut           ###...       3%          1    None
b - Sticks to Snakes      Tmut           ###.....     6%          2    None
c - Confusing Touch       Hex            ##....       11%         1    None

Your spell library contained the following spells:

 Spells                   Type           Power        Failure   Level  Hunger
 Animate Skeleton         Necr           N/A          11%         1    None
 Apportation              Tloc           ##....       11%         1    None
 Summon Small Mammal      Summ           ##..         11%         1    None
 Spider Form              Tmut/Pois      ###.......   19%         3    ##.....
 Ice Form                 Ice/Tmut       ###.....     54%         4    ####...
 Blade Hands              Tmut           ###.......   71%         5    #####..


Dungeon Overview and Level Annotations

Branches:
Dungeon (4/15)
 Temple: D:4-7

Altars:

Annotations:
D:4 1 runed translucent door, Eustachio


Innate Abilities, Weirdness & Mutations

Your experience applies equally to all skills.
You have very sharp teeth.
Your uncanny sense of smell can sniff out nearby items.
You have claws for feet.


Message History

You kill the ogre!
You feel your dexterity returning.
You have reached level 7!
Eustachio casts a spell.
The river rat bites you.
* * * LOW HITPOINT WARNING * * *
Casting: Confusing Touch (safe; 11% risk of failure)
Confirm with . or Enter, or press ? or * to list all spells.
Your hands begin to glow red.
Eustachio yells, "Perjured traitor, DIE!"
Eustachio hits you with a +0 falchion.
* * * LOW HITPOINT WARNING * * *
The river rat twitches its whiskers.
The river rat bites you.
* * * LOW HITPOINT WARNING * * *
You hit Eustachio but do no damage. Your kick misses Eustachio.
Eustachio barely misses you.
You hit Eustachio but do no damage. Your kick misses Eustachio.
You punch Eustachio, but do no damage. The river rat bites you!
You die...

#...#.###...# ##.##......<#
#.....=.# .......#(##.#
#........ .#.#.....##.#
#..)..... .#.#.#..# #.#
#........ .###....###.#
#........
.........##.####........
..#.#..#.#......)r.......
...........#...#@@.(..... $...
.........###....r........ .#.#
.......#.##..##..........##...
.......#....###..............#
............###...........#..#
.......###...##.........#h#.#
.
........###.###.#.#.#####r..#
## .........#### ##.#.##
##.§O.##... ..........### # #.
#..#.5...##


You could see Eustachio and 2 river rats.

Vanquished Creatures
  An ogre (D:4)
  A hound (D:4)
  Ijyb (D:3)
  An iguana (D:4)
  A worker ant (D:4)
  7 gnolls (D:3)
  A howler monkey skeleton (D:4)
  6 adders
  3 oozes
  An adder skeleton (D:4)
  2 worms (D:2)
  4 dart slugs
  9 leopard geckos
  An orc (D:3)
  8 giant cockroaches
  10 goblins
  7 hobgoblins
  4 jackals (D:1)
  A quokka (D:3)
  A ball python (D:2)
  10 bats
  4 frilled lizards
  12 kobolds
  A leopard gecko skeleton (D:4)
  10 rats
107 creatures vanquished.

Notes
Turn   | Place    | Note
-------+----------+-------------------------------------------
     0 | D:1      | Majang the Gnoll Transmuter began the quest for the Orb.
     0 | D:1      | Reached XP level 1. HP: 17/17 MP: 6/6
    44 | D:1      | Reached XP level 2. HP: 15/23 MP: 7/7
   266 | D:1      | Reached XP level 3. HP: 28/28 MP: 7/9
   292 | D:1      | Reached skill level 5 in Spellcasting
   367 | D:1      | Learned a level 2 spell: Sticks to Snakes
   500 | D:1      | Reached skill level 1 in Invocations
   838 | D:1      | Reached skill level 1 in Short Blades
   838 | D:1      | Reached skill level 1 in Long Blades
   838 | D:1      | Reached skill level 1 in Axes
   838 | D:1      | Reached skill level 1 in Maces & Flails
   838 | D:1      | Reached skill level 1 in Polearms
   838 | D:1      | Reached skill level 1 in Staves
   838 | D:1      | Reached skill level 1 in Slings
   838 | D:1      | Reached skill level 1 in Bows
   838 | D:1      | Reached skill level 1 in Crossbows
   838 | D:1      | Reached skill level 1 in Throwing
   838 | D:1      | Reached skill level 1 in Armour
   838 | D:1      | Reached skill level 1 in Stealth
   838 | D:1      | Reached skill level 1 in Shields
   838 | D:1      | Reached skill level 1 in Evocations
   947 | D:2      | Reached XP level 4. HP: 34/34 MP: 9/11
  1335 | D:2      | Reached skill level 1 in Conjurations
  1335 | D:2      | Reached skill level 1 in Hexes
  1335 | D:2      | Reached skill level 1 in Charms
  1335 | D:2      | Reached skill level 1 in Summonings
  1335 | D:2      | Reached skill level 1 in Necromancy
  1335 | D:2      | Reached skill level 1 in Translocations
  1335 | D:2      | Reached skill level 1 in Fire Magic
  1335 | D:2      | Reached skill level 1 in Ice Magic
  1335 | D:2      | Reached skill level 1 in Air Magic
  1335 | D:2      | Reached skill level 1 in Earth Magic
  1335 | D:2      | Reached skill level 1 in Poison Magic
  1378 | D:2      | Reached XP level 5. HP: 40/40 MP: 12/12
  1837 | D:3      | Noticed Ijyb
  1847 | D:3      | Killed Ijyb
  2179 | D:3      | Reached XP level 6. HP: 44/47 MP: 11/13
  2638 | D:4      | Noticed Eustachio
  2665 | D:4      | HP: 2/47 [quasit[Eustachio] (2)]
  2668 | D:4      | Found a runed translucent gate.
  3249 | D:4      | Learned a level 1 spell: Confusing Touch
  3314 | D:4      | Reached skill level 5 in Dodging
  3440 | D:4      | Reached XP level 7. HP: 17/52 MP: 13/15
  3443 | D:4      | Slain by a river rat

Skill      XL: |  1  2  3  4  5  6 |
---------------+-------------------+-----
Spellcasting   | 5 |  5.4
Invocations    | 1 2 |  2.4
Short Blades   | 1 2 |  2.2
Long Blades    | 1 2 |  2.2
Axes           | 1 2 |  2.2
Maces & Flails | 1 2 |  2.2
Polearms       | 1 2 |  2.2
Staves         | 1 2 |  2.2
Slings         | 1 2 |  2.2
Bows           | 1 2 |  2.2
Crossbows      | 1 2 |  2.2
Throwing       | 1 2 |  2.2
Armour         | 1 2 |  2.2
Stealth        | 1 2 |  2.2
Shields        | 1 2 |  2.2
Evocations     | 1 2 |  2.2
Conjurations   | 1 |  1.7
Hexes          | 1 |  1.7
Charms         | 1 |  1.7
Summonings     | 1 |  1.7
Necromancy     | 1 |  1.7
Translocations | 1 |  1.7
Fire Magic     | 1 |  1.7
Ice Magic      | 1 |  1.7
Air Magic      | 1 |  1.7
Earth Magic    | 1 |  1.7
Poison Magic   | 1 |  1.7
Fighting       | 3 |  3.4
Transmutations | 4 |  4.2
Dodging        | 5 |  5.1
Unarmed Combat | |  6.9

Action                   |  1- 3 |  4- 6 |  7- 9 || total
-------------------------+-------+-------+-------++-------
Melee: Unarmed           |    77 |   219 |     2 ||   298
       Bite              |     6 |    15 |       ||    21
       Kick              |     5 |    26 |       ||    31
       Headbutt          |     5 |    12 |       ||    17
       Punch             |     3 |     5 |     1 ||     9
 Cast: Beastly Appendage |    25 |    39 |       ||    64
       Confusing Touch   |       |     4 |     1 ||     5
  Use: Scroll            |       |     4 |       ||     4
       Potion            |       |     1 |       ||     1
 Stab: Sleeping          |     3 |       |       ||     3
  Eat: Chunk             |       |     8 |       ||     8
Armor: Robe              |     4 |       |       ||     4
       Leather armour    |    10 |     3 |       ||    13
       Ring mail         |       |    81 |       ||    81
Dodge: Dodged            |    46 |   169 |     1 ||   216
Block: Other             |       |    24 |       ||    24
